AoeStats
← 客官

Lombardia

507960770Analyzed
4v4 RM · 13d ago on Sep 20, 2026· 45m 43s· 8 players
Game mode
Random Map
Map size
Large (8 player)
Population
200
Speed
Normal
Resources
Standard
Victory
Conquest
Starting age
Dark Age
Ending age
Imperial Age
RankedLock teamsTeams togetherTeam positionsShared explorationLock speedFull tech treeHidden civsTurbo modeCheats
Victory
Defeat
🇨🇳 Magyars · China
1358
+14
🇹🇼 Celts · Taiwan
1346
+15
🇹🇼 Persians · Taiwan
1322
+16
🇩🇪 Khmer · Germany
1301
+16
🇸🇪 Britons · Sweden
1368
-17
🇦🇷 Berbers · Argentina
1329
-16
🇨🇳 Lithuanians · China
1324
-16
🇸🇪 Slavs · Sweden
1245
-12
Peppe L-G
8:01 Loom
10:12 Feudal Age
14:57 Castle Age
13:14 Double-Bit Axe
15:11 Stone Mining
17:05 Bow Saw
16:58 Horse Collar
20:40 Fletching
24:04 Bodkin Arrow
25:20 Ballistics
28:30 Wheelbarrow
28:10 Padded Archer Armor
30:12 Leather Archer Armor
33:31 Hand Cart
34:11 Yeomen
38:00 Imperial Age
37:21 Town Watch
38:48 Bracer
40:10 Chemistry
40:48 Ring Archer Armor
41:51 Conscription
42:35 Elite Longbowman
44:44 Two-Man Saw
LilleSkutt
9:08 Loom
11:06 Feudal Age
12:02 Double-Bit Axe
12:50 Horse Collar
19:50 Castle Age
18:14 Bloodlines
19:31 Gold Mining
20:19 Scale Mail Armor
20:02 Pikeman
20:43 Squires
21:26 Bow Saw
36:48 Imperial Age
36:06 Chain Mail Armor
36:02 Forging
35:51 Stone Mining
36:37 Gold Shaft Mining
36:06 Heavy Plow
36:59 Onager
37:38 Halberdier
40:05 Iron Casting
43:07 Two-Man Saw
42:40 Plate Mail Armor
43:11 Blast Furnace
44:14 Siege Onager
45:22 Conscription
46:43 Chemistry
46:04 Ballistics
苍真
11:25 Feudal Age
15:47 Castle Age
14:01 Double-Bit Axe
13:57 Horse Collar
17:15 Loom
23:40 Light Cavalry
24:42 Herbal Medicine
25:20 Bloodlines
25:58 Scale Barding Armor
26:04 Forging
29:53 Imperial Age
29:24 Wheelbarrow
29:29 Chain Barding Armor
30:44 Hand Cart
31:16 Bow Saw
32:45 Plate Barding Armor
32:29 Winged Hussar
33:35 Husbandry
33:49 Gold Mining
34:03 Heavy Plow
35:17 Iron Casting
36:13 Conscription
36:13 Fletching
39:13 Cavalier
41:15 Bodkin Arrow
42:10 Cavalier
pfcarballo30
4:56 Loom
11:38 Feudal Age
12:26 Feudal Age
19:36 Castle Age
19:08 Fletching
19:58 Crossbowman
20:42 Squires
28:33 Bloodlines
31:08 Double-Bit Axe
31:51 Horse Collar
32:55 Husbandry
34:37 Wheelbarrow
35:10 Scale Barding Armor
36:04 Heavy Plow
37:02 Chain Barding Armor
36:54 Forging
41:59 Imperial Age
Saladin
11:21 Feudal Age
12:31 Loom
16:13 Castle Age
15:42 Double-Bit Axe
15:37 Horse Collar
15:48 Gold Mining
16:36 Bloodlines
21:06 Bow Saw
23:41 Wheelbarrow
28:51 Imperial Age
29:12 Heavy Scorpion
30:01 Husbandry
29:22 Light Cavalry
30:09 Scale Barding Armor
30:15 Forging
29:56 Fletching
32:32 Double Crossbow
34:59 Chain Barding Armor
35:15 Iron Casting
34:51 Hussar
37:37 Chemistry
36:43 Siege Engineers
36:58 Ballistics
38:13 Plate Barding Armor
38:39 Blast Furnace
42:37 Fortified Wall
42:39 Masonry
44:52 Architecture
44:18 Bodkin Arrow
客官
10:00 Feudal Age
14:03 Castle Age
11:50 Double-Bit Axe
13:07 Horse Collar
15:10 Wheelbarrow
20:20 Loom
20:22 Town Watch
21:18 Bow Saw
23:18 Hand Cart
23:31 Gold Mining
23:32 Stone Mining
23:54 Heavy Plow
31:32 Imperial Age
30:41 Gold Shaft Mining
30:01 Fletching
30:39 Padded Archer Armor
30:37 Bodkin Arrow
31:37 Leather Archer Armor
31:55 Thumb Ring
32:07 Caravan
31:55 Heavy Cavalry Archer
33:06 Husbandry
33:17 Bloodlines
34:42 Parthian Tactics
34:20 Bracer
34:49 Ballistics
35:38 Chemistry
35:40 Ring Archer Armor
35:25 Scale Barding Armor
36:11 Conscription
37:12 Bloodlines
37:33 Chain Barding Armor
37:24 Siege Engineers
37:00 Treadmill Crane
37:31 Masonry
37:18 Murder Holes
37:31 Recurve Bow
37:07 Capped Ram
38:59 Plate Barding Armor
37:48 Light Cavalry
40:28 Hussar
42:05 Hoardings
鐵之貝克
1:19 Loom
11:35 Feudal Age
18:32 Castle Age
16:47 Double-Bit Axe
18:32 Gold Mining
18:25 Horse Collar
25:31 Pikeman
26:39 Scale Mail Armor
29:18 Forging
31:09 Heavy Plow
31:21 Bow Saw
31:51 Wheelbarrow
35:06 Imperial Age
32:57 Caravan
33:21 Ballistics
32:43 Treadmill Crane
33:26 Stronghold
34:01 Hand Cart
35:32 Gold Shaft Mining
35:16 Onager
35:25 Halberdier
35:31 Capped Ram
37:05 Conscription
37:26 Furor Celtica
37:51 Heavy Scorpion
39:32 Iron Casting
40:25 Chemistry
41:06 Siege Engineers
41:22 Siege Onager
42:54 Masonry
42:28 Siege Ram
chengaopeng044
0:49 Loom
10:49 Feudal Age
12:04 Double-Bit Axe
14:35 Castle Age
14:59 Scale Barding Armor
15:20 Bow Saw
19:02 Town Watch
23:32 Wheelbarrow
25:19 Chain Barding Armor
25:10 Forging
27:48 Horse Collar
29:03 Iron Casting
28:44 Bloodlines
30:07 Gold Mining
32:17 Stone Mining
32:33 Heavy Plow
33:31 Caravan
35:09 Hand Cart
41:10 Imperial Age
39:19 Gold Shaft Mining
39:08 Husbandry
39:16 Crossbowman
40:01 Kamandaran
40:18 Thumb Ring
41:16 Fletching
41:26 Cavalier
43:10 Blast Furnace
43:14 Two-Man Saw
42:53 Conscription
42:58 Bodkin Arrow
43:50 Crop Rotation
44:28 Chemistry
45:04 Plate Barding Armor
44:31 Padded Archer Armor
44:58 Ballistics
44:17 Savar
45:48 Leather Archer Armor
Connection lost

Rejoining the realm…

Still unreachable

The connection could not be restored.

Session expired

The server has moved on; the page needs a fresh start.